 Dungeon Crawl Stone Soup version 0.32-a0-433-g08bcfe7efd (webtiles) character file.

Game seed: 5952104156867069732

303 Sobieck the Ducker (level 6, -5/44 HPs)
             Began as a Coglin Brigand on Feb 22, 2024.
             Slain by Natasha (6 damage)
             ... on level 3 of the Dungeon.
             The game lasted 00:03:39 (1769 turns).

Sobieck the Ducker (Coglin Brigand)                 Turns: 1769, Time: 00:03:40

Health: -5/44      AC:  3    Str: 11    XL:     6   Next: 38%
Magic:  6/6        EV: 15    Int: 11    God:
Gold:   127        SH:  0    Dex: 17    Spells: 5/5 levels left

rFire   . . .        r - +0 sling {Shu}
rCold   . . .        a - +2 dagger {Xolani}
rNeg    . . .        b - +0 robe
rPois   .            (no helmet)
rElec   .            c - +0 cloak
rCorr   .            (no gloves)
SInv    .            (no boots)
Will    .....        (no amulet)
Stlth   ++           (no ring)
HPRegen 0.27/turn    (no ring)
MPRegen 0.10/turn

%: no passive effects
@: immotile, revved
A: off-hand wielding, slow wielding, warmup strikes, legs shutdown
a: no special abilities


You were on level 3 of the Dungeon.
You visited 1 branch of the dungeon, and saw 3 of its levels.

You collected 127 gold pieces.

Inventory:

Hand Weapons
 a - a +2 dagger (offhand) {Xolani}
 i - a +0 hand axe {Zdislav}
 n - a +0 rapier {Dietrich}
 r - a +0 sling (weapon) {Shu}
Missiles
 k - 21 poisoned darts
 F - 3 curare-tipped darts
Armour
 b - a +0 robe (worn)
 c - a +0 cloak (worn)
 l - a +0 helmet
Wands
 P - a wand of paralysis (12)
Scrolls
 e - 4 scrolls of identify {unknown}
 g - a scroll of amnesia {unknown}
 h - 2 scrolls of fear {unknown}
 j - a scroll of fog {unknown}
 o - 2 scrolls of immolation {unknown}
 q - a scroll of poison {unknown}
Potions
 d - a potion of mutation {unknown}
 f - 3 potions of curing {unknown}
 m - a potion of enlightenment {unknown}
 p - a potion of brilliance {unknown}


   Skills:
 - Level 2.0 Fighting
 - Level 1.7 Short Blades
 * Level 1.1 Ranged Weapons
 - Level 1.7 Throwing
 + Level 5.5 Dodging
 - Level 3.2 Stealth


You had 5 spell levels left.
You didn't know any spells.
Your spell library contained the following spells:

 Spells                   Type           Power      Damage    Failure   Level
 Slow                     Hex            0%         N/A       34%         1
 Ensorcelled Hibernation  Hex/Ice        0%         N/A       47%         2
 Confusing Touch          Hex            0%         N/A       71%         3
 Gell's Gravitas          Tloc           0%         N/A       71%         3
 Passwall                 Erth           0%         N/A       71%         3
 Sigil of Binding         Hex            0%         N/A       71%         3
 Swiftness                Air            0%         N/A       71%         3
 Teleport Other           Tloc           0%         N/A       71%         3
 Vampiric Draining        Necr           0%         2d6       71%         3
 Dispersal                Tloc           0%         N/A       100%        6


Dungeon Overview and Level Annotations

Branches:
Dungeon (3/15)

Altars:

Shops:
D:2 [

Annotations:
D:3 Natasha


Innate Abilities, Weirdness & Mutations

You can wield a second weapon in your off-hand.
It takes a long time for you to wield or remove held weapons.
Your first few attacks do less damage.
Attacking and casting redirects power from your legs.


Message History

You kill Natasha!
Natasha screams in fury as she dies!
Your Ranged Weapons skill increases to level 1!
You see here the felid corpse of Natasha.
Unknown command.
Natasha, Servant of Life and Death comes into view.
She is carrying a wand of flame.
Unknown command.
You shoot a sling bullet.
The sling bullet completely misses Natasha.
Natasha hisses angrily.
You shoot a sling bullet.
The sling bullet hits Natasha but does no damage.
You feel yourself speed up.
Natasha stares at you and mumbles some strange words.
The magic dart hits you.
Natasha zaps a wand.
The puff of flame hits you.
* * * LOW HITPOINT WARNING * * *
You shoot a sling bullet. The sling bullet hits Natasha.
Natasha is lightly wounded.
Natasha zaps a wand.
The puff of flame misses you.
You shoot a sling bullet. The sling bullet barely misses Natasha.
You shoot a sling bullet.
The sling bullet hits Natasha but does no damage.
Natasha is lightly wounded.
Natasha claws you.
* * * LOW HITPOINT WARNING * * *
Natasha zaps a wand.
The puff of flame misses you.
Unknown command.
You shoot a sling bullet. The sling bullet hits Natasha!
Natasha is severely wounded.
Natasha casts a spell at you. The magic dart hits you.
* * * LOW HITPOINT WARNING * * *
You shoot a sling bullet. The sling bullet barely misses Natasha.
Natasha claws you!
* * * LOW HITPOINT WARNING * * *
Natasha closely misses you.
You shoot a sling bullet.
The sling bullet closely misses Natasha.
Natasha zaps a wand.
The puff of flame hits you!
* * * LOW HITPOINT WARNING * * *
You shoot a sling bullet.
The sling bullet closely misses Natasha.
Natasha zaps a wand.
The puff of flame hits you!
* * * LOW HITPOINT WARNING * * *
You shoot a sling bullet.
The sling bullet hits Natasha but does no damage.
Natasha is severely wounded.
Natasha claws you but does no damage. Natasha claws you.
You die...
Natasha curls up and begins to purr.

#.#.# #.# #.#.# #......##.# #.#.#
#.# #.#.# #..###.##.# #.#.# #.#
#.#.# #..# #.##.. ....# #.# #.#.#
#..# #.#### #.#####.# #.#.# #..#
#..... ........# #.#.# #..#
###### #...##### #.#.#######..# #
....# #.#.#........######## ##..#
#.#.@h...##.......).. ....# ###
#.#......##...####### #...# ..#
#............# ....# #.#
.....##.#####.# #.#.# #.#
#.#.####....##.###### ..#.#
#.#...#....[.)..##.......
..#.#####.###########...#########
..#.................<...........#
#.#######.#####..##.............†


You could see Natasha.

Vanquished Creatures
  Sigmund (D:3)
  Natasha (twice) (D:3)
  5 adders (D:2)
  2 ribbon worms
  2 dart slugs
  6 endoplasms
  3 giant cockroaches (D:2)
  2 hobgoblins
  A quokka (D:2)
  7 ball pythons
  7 bats
  3 frilled lizards
  4 goblins
  4 kobolds
  4 rats
53 creatures vanquished.

Notes
Turn   | Place    | Note
-------+----------+-------------------------------------------
     0 | D:1      | Sobieck the Coglin Brigand began the quest for the Orb.
     0 | D:1      | Reached XP level 1. HP: 16/16 MP: 1/1
    13 | D:1      | Reached skill level 1 in Dodging
   154 | D:1      | Reached XP level 2. HP: 20/22 MP: 2/2
   206 | D:1      | Reached skill level 2 in Dodging
   399 | D:2      | Reached XP level 3. HP: 10/27 MP: 3/3
   524 | D:2      | Reached skill level 3 in Dodging
   660 | D:2      | Reached XP level 4. HP: 33/33 MP: 4/4
   960 | D:2      | Found Yskool's Armour Shop.
  1064 | D:3      | Noticed Sigmund
  1079 | D:3      | Killed Sigmund
  1080 | D:3      | Reached skill level 5 in Dodging
  1080 | D:3      | Reached XP level 5. HP: 17/38 MP: 5/5
  1080 | D:3      | Reached XP level 6. HP: 20/44 MP: 6/6
  1653 | D:3      | Noticed Natasha
  1660 | D:3      | Killed Natasha
  1746 | D:3      | Noticed Natasha
  1755 | D:3      | Killed Natasha
  1756 | D:3      | Reached skill level 1 in Ranged Weapons
  1759 | D:3      | Noticed Natasha
  1768 | D:3      | HP: 1/44 [Natasha/puff of flame (7)]
  1769 | D:3      | Slain by Natasha

Illustrated notes

Levels and vault maps discovered:
D:1:      lightli_arrival_boilingwater, layout_rooms
D:2:      layout_loops_cross, serial_shops, nicolae_shop_tiny_statue_garden
D:3:      layout_basic, uniq_sigmund, uniq_natasha

Skill      XL: |  1  2  3  4  5  6 |
---------------+-------------------+-----
Dodging        | 1 2 3 5 |  5.5
Ranged Weapons | 1 |  1.1
Fighting       | |  2.0
Short Blades   | |  1.7
Throwing       | |  1.7
Stealth        | |  3.2

Action                     |  1- 3 |  4- 6 || total
---------------------------+-------+-------++-------
  Melee: Dagger            |    54 |    33 ||    87
         Hand axe          |    24 |       ||    24
         Rapier            |    13 |    33 ||    46
   Fire: Sling             |       |    56 ||    56
   Stab: Sleeping          |     8 |     5 ||    13
 Armour: Robe              |    26 |    35 ||    61
  Dodge: Dodged            |    37 |    47 ||    84

Table legend: (Time is in decaauts)
 A = Elapsed time spent in this place.
 B = Non-inter-level travel time spent in this place.
 C = Inter-level travel time spent in this place.
 D = Time resting spent in this place.
 E = Time spent auto-exploring this place.
 F = Levels seen in this place.
 G = Mean time per level.
                   A        B        C        D        E       F      G
               +--------+--------+--------+--------+--------+-----+--------+
         Total |   1802 |   1767 |     35 |    140 |   1205 |   3 |  600.7 |
       Dungeon |   1802 |   1767 |     35 |    140 |   1205 |   3 |  600.7 |
               +--------+--------+--------+--------+--------+-----+--------+

Top non-repeatable levels by time:
     D:3: 734 daAuts
     D:2: 724 daAuts
     D:1: 342 daAuts
